 Dungeon Crawl Stone Soup version 0.25-a0-731-g0472a16d6a (webtiles) character file.

Game seed: 17388385534221220524, levelgen mode: deterministic

1290 kae the Insei (level 8, 0/59 HPs)
             Began as a Pale Draconian Transmuter on Apr 8, 2020.
             Slain by an unseen horror (4 damage)
             ... on level 7 of the Dungeon.
             The game lasted 00:05:07 (6351 turns).

kae the Insei (Pale Draconian Transmuter)           Turns: 6351, Time: 00:05:08

Health: 0/59       AC:  2    Str: 13    XL:     8   Next: 30%
Magic:  13/15      EV: 19    Int: 14    God:
Gold:   334        SH:  0    Dex: 18    Spells: 10/16 levels left

rFire    . . .     SeeInvis .     - Unarmed
rCold    . . .     Gourm    .   (shield currently unavailable)
rNeg     . . .     Faith    .   (armour unavailable)
rPois    x         Spirit   .   (helmet currently unavailable)
rElec    .         Reflect  .   (cloak currently unavailable)
rCorr    .         Harm     .   (gloves currently unavailable)
MR       +....                  (boots currently unavailable)
Stlth    ++........             (no amulet)
HPRegen  0.19/turn              q - +1 ring of slaying
MPRegen  0.14/turn              g - ring of protection from magic

@: about to teleport, spider-form (expiring), hasted, very quick
A: tiny, (breathe steam), unfitting armour, AC +6
a: End Transformation


You were on level 7 of the Dungeon.
You were not hungry.
You were a venomous arachnid creature.
You visited 1 branch of the dungeon, and saw 7 of its levels.

You collected 334 gold pieces.

Inventory:

Hand Weapons
 j - a +0 mace of draining (melded)
 k - a +0 whip
Missiles
 a - 63 arrows
Jewellery
 e - an uncursed ring of protection from fire
 g - a ring of protection from magic (right front leg)
 i - an uncursed ring of positive energy
 m - an uncursed ring of resist corrosion
 q - a +1 ring of slaying (left front leg)
Wands
 p - a wand of enslavement (9)
Scrolls
 b - a scroll of identify
 d - 4 scrolls of remove curse
 o - a scroll of teleportation
Potions
 f - a potion of resistance
 h - a potion of curing
 n - 2 potions of might
 s - a potion of stabbing
Comestibles
 c - 9 rations


   Skills:
 - Level 1.1 Fighting
 - Level 1.7 Dodging
 * Level 7.8 Unarmed Combat
 + Level 4.9 Spellcasting
 + Level 5.3 Transmutations


You had 10 spell levels left.
You knew the following spells:

 Your Spells              Type           Power        Failure   Level  Hunger
a - Beastly Appendage     Tmut           ###...       8%          1    None
b - Sticks to Snakes      Tmut           ###.....     11%         2    ##.....
c - Spider Form           Tmut/Pois      ##........   38%         3    ###....

Your spell library contained the following spells:

 Spells                   Type           Power        Failure   Level  Hunger
 Blade Hands              Tmut           ###.......   69%         5    ######.
 Ice Form                 Ice/Tmut       ##......     73%         4    ####...


Dungeon Overview and Level Annotations

Branches:
Dungeon (8/15)
 Temple: D:4-7         Lair: D:8-11

Altars:
Ashenzari
Nemelex Xobeh
Qazlal
Trog
Beogh

Annotations:
D:3 3 runed translucent doors, Iscandelvey's ghost, amateur DsSk


Innate Abilities, Weirdness & Mutations

((You can breathe blasts of scalding, opaque steam.))
((Your pale cyan-grey scales are hard. (AC +6)))
You cannot fit into any form of body armour.
((You are cold-blooded and may be slowed by cold attacks.))


Message History

You are too injured to fight recklessly!
You are too injured to fight recklessly!
Something hits you!
You start resting.
Your transformation is almost over.
Something hits you.
You start resting.
Something barely misses you.
You start resting.
Something hits you!
* * * LOW HITPOINT WARNING * * *
Something hits you!
* * * LOW HITPOINT WARNING * * *
Okay, then.
It was a potion of haste.
You feel yourself speed up. Something barely misses you.
Okay, then.
As you read the scroll of teleportation, it crumbles to dust.
You feel strangely unstable. Something hits you but does no damage.
As you read the scroll of fog, it crumbles to dust.
The scroll dissolves into smoke.
Something hits you.
You die...

#......##
#........#
#........#
.........#
.........#####
............#
#.......#
#....§§§# #
#....§s§#.#
#....§{§..#
+.....>...#
#.........#
.....##.....#
..... ......#
......#......#
##...!#....?.#
+.. #......#


There were no monsters in sight!

Vanquished Creatures
  Grinder (D:3)
  An ice beast (D:5)
  An ogre (D:5)
  A centaur (D:5)
  2 scorpions (D:5)
  A howler monkey (D:4)
  A quasit (D:7)
  A crimson imp (D:5)
  3 hounds
  An orc wizard (D:4)
  4 worker ants
  A howler monkey zombie (D:5)
  A worker ant zombie (D:5)
  Robin (D:4)
  16 gnolls
  9 adders
  3 oozes
  2 dart slugs
  A leopard gecko (D:4)
  18 orcs
  A ball python (D:4)
  12 bats
  5 giant cockroaches
  15 goblins
  10 hobgoblins
  14 jackals
  2 quokkas
  4 frilled lizards
  A jackal skeleton (D:4)
  14 kobolds
  13 rats
160 creatures vanquished.

Vanquished Creatures (others)
  An iguana (D:8)
  A shadow imp (D:8)
  An orc (D:8)
3 creatures vanquished.

Grand Total: 163 creatures vanquished

Notes
Turn   | Place    | Note
-------+----------+-------------------------------------------
     0 | D:1      | kae the Draconian Transmuter began the quest for the Orb.
     0 | D:1      | Reached XP level 1. HP: 16/16 MP: 3/3
   116 | D:1      | Reached XP level 2. HP: 15/23 MP: 3/5
   548 | D:1      | Reached XP level 3. HP: 27/28 MP: 4/6
   884 | D:2      | Reached skill level 4 in Unarmed Combat
  1370 | D:2      | Reached XP level 4. HP: 35/35 MP: 5/7
  1708 | D:3      | Found a runed translucent gate.
  1708 | D:3      | Found a runed translucent gate.
  1708 | D:3      | Found a runed translucent gate.
  1708 | D:3      | Noticed Iscandelvey's ghost (amateur DsSk)
  1723 | D:3      | Identified the +4 ring mail of Estisk {Str+6 Dex+4}
  1816 | D:2      | Learned a level 2 spell: Sticks to Snakes
  1820 | D:2      | Learned a level 3 spell: Spider Form
  2253 | D:3      | Noticed Grinder
  2254 | D:3      | Paralysed by Grinder for 5 turns
  2272 | D:3      | Found a faded altar of an unknown god.
  2431 | D:3      | Killed Grinder
  2431 | D:3      | Reached skill level 5 in Unarmed Combat
  2431 | D:3      | Reached XP level 5. HP: 11/40 MP: 1/10
  2431 | D:3      | Reached XP level 6. HP: 13/47 MP: 1/11
  3256 | D:3      | Found a roughly hewn altar of Beogh.
  3664 | D:4      | Reached skill level 6 in Unarmed Combat
  3673 | D:4      | Your scales start taking on a pale cyan-grey colour.
  3673 | D:4      | Reached XP level 7. HP: 32/52 MP: 9/12
  4651 | D:4      | Noticed Robin
  4659 | D:4      | Killed Robin
  4774 | D:5      | Entered Level 5 of the Dungeon
  5172 | D:5      | Reached skill level 7 in Unarmed Combat
  5195 | D:5      | Found a bloodstained altar of Trog.
  5195 | D:5      | Found a sparkling altar of Nemelex Xobeh.
  5718 | D:5      | Reached skill level 5 in Transmutations
  5718 | D:5      | Reached XP level 8. HP: 35/59 MP: 6/14
  5802 | D:5      | Found a stormy altar of Qazlal.
  5813 | D:5      | Noticed an air elemental
  6055 | D:5      | Found a shattered altar of Ashenzari.
  6303 | D:5      | You fall into a shaft and drop 3 floors!
  6351 | D:7      | Slain by an unseen horror

Levels and vault maps discovered:
D:1:      dpeg_arrival_shrine, layout_basic, kennysheep_pointless_box
D:2:      layout_loops_ring
D:3:      layout_basic, biasface_ghost_orc_armoury,
          chequers_ecumenical_altar_island, first_ration,
          minmay_misc_feat_hallway, uniq_grinder
D:4:      layout_basic, uniq_robin
D:5:      layout_loops_corners, cheibrodos_ashenzari_chains,
          gammafunk_temple_overflow_pools, nicolae_qazlal_style_of_elements
D:7:      minmay_recursive_quarters, layout_basic,
          minmay_temple_entry_enclosed_plants, basic_altar, grunt_livestock,
          fedhas_altar_decomposition, uniq_joseph, uniq_prince_ribbit1
D:8:      layout_loops_ring, nicolae_overflow_quartered_altars,
          eat_drink_and_be_merry_uskayaw, lair_entry_dummy, xom_confusion_cloud

Skill      XL: |  1  2  3  4  5  6  7 |
---------------+----------------------+-----
Unarmed Combat | 4 5 6 7 |  7.8
Transmutations | 3 4 5 |  5.3
Spellcasting   | 3 4 |  4.9
Fighting       | |  1.1
Dodging        | |  1.7

Action                   |  1- 3 |  4- 6 |  7- 9 || total
-------------------------+-------+-------+-------++-------
Melee: Unarmed           |   120 |    91 |   101 ||   312
       Kick              |    13 |     3 |       ||    16
       Headbutt          |    11 |       |       ||    11
       Tailslap          |    17 |    13 |     9 ||    39
       Whip              |    13 |    83 |    75 ||   171
       Mace              |       |       |    12 ||    12
       Punch             |       |       |     1 ||     1
 Cast: Beastly Appendage |    28 |     3 |       ||    31
       Spider Form       |       |    20 |    19 ||    39
 Abil: Breathe Steam     |       |       |     1 ||     1
  Use: Scroll            |       |     8 |     4 ||    12
       Potion            |       |     1 |     1 ||     2
 Stab: Sleeping          |       |     3 |     1 ||     4
  Eat: Chunk             |     1 |     7 |    12 ||    20
       Ration            |       |     1 |       ||     1
Armor: Skin              |    39 |    35 |    45 ||   119
Dodge: Dodged            |   106 |   166 |   158 ||   430

Table legend:
 A = Non-vault XP
 B = Vault XP
 C = Vault XP percentage of total XP
 D = Non-vault monster count
 E = Vault monster count
 F = Vault count percentage of total count
                 A         B        C        D         E       F
            +---------+---------+-------+---------+---------+-------
      Total |    1530 |     314 |  17.0 |     147 |      13 |   8.1
            +---------+---------+-------+---------+---------+-------
        D:1 |      56 |       0 |   0.0 |      33 |       0 |   0.0
        D:2 |      57 |       0 |   0.0 |      22 |       0 |   0.0
        D:3 |     160 |     277 |  63.4 |      33 |       1 |   2.9
        D:4 |     337 |      37 |   9.9 |      31 |      12 |  27.9
        D:5 |     872 |       0 |   0.0 |      27 |       0 |   0.0
        D:7 |      48 |       0 |   0.0 |       1 |       0 |   0.0
            +---------+---------+-------+---------+---------+-------
